 Dungeon Crawl Stone Soup version 0.29.1-2-gbd0b4ee654 (webtiles) character file.

Game seed: 11111844552521201947

23648 BreadTh the Grappler (level 12, -5/120 HPs)
             Began as a Troll Hedge Wizard on Nov 24, 2022.
             Was a High Priest of Okawaru.
             Slain by an orc warrior
             ... wielding a +0 glaive
              (14 damage)
             ... on level 1 of the Orcish Mines on Nov 25, 2022.
             The game lasted 00:55:44 (12482 turns).

BreadTh the Grappler (Troll Hedge Wizard)          Turns: 12482, Time: 00:55:45

Health: -5/120     AC: 12    Str: 21    XL:     12   Next: 73%
Magic:  5/20       EV: 12    Int: 14    God:    Okawaru [*****.]
Gold:   1846       SH:  9    Dex:  9    Spells: 16/23 levels left

rFire   . . .      SeeInvis .     - Unarmed
rCold   . . .      Faith    .   Q - +2 kite shield {AC+3}
rNeg    . . .      Spirit   .   P - +0 troll leather armour
rPois   .          Reflect  .   (helmet restricted)
rElec   .          Harm     .   b - +2 cloak {Will+}
rCorr   .          Rampage  .   (gloves unavailable)
Will    +....                   (boots unavailable)
Stlth   +.........              n - amulet of regeneration
HPRegen 2.70/turn               g - ring of wizardry
MPRegen 0.17/turn               x - +4 ring of evasion

@: very slightly contaminated
A: large, unfitting armour, claws 3, regeneration 1, shaggy fur 1, tough skin 1,
horns 1
a: Renounce Religion, Heroism, Finesse, Duel


You were on level 1 of the Orcish Mines.
You worshipped Okawaru.
Okawaru was extremely pleased with you.
You visited 3 branches of the dungeon, and saw 15 of its levels.
You also visited: Ossuary and Bailey.

You collected 1950 gold pieces.
You spent 104 gold pieces at shops.

Inventory:

Hand Weapons
 M - the +8 trident of the Octopus King {venom, rElec rPois}
   (You found it on level 7 of the Dungeon)

   It poisons the flesh of those it strikes.
   rElec:     It insulates you from electricity.
   rPois:     It protects you from poison.
 S - a +2 dagger of draining
Missiles
 f - 128 stones
 o - 10 curare-tipped darts
 A - 12 poisoned darts
 B - 19 boomerangs
 I - 3 atropa-tipped darts
Armour
 b - a +2 cloak of willpower (worn)
 c - a +2 hat
 q - a +2 hat
 P - a +0 troll leather armour (worn)
 Q - a +2 kite shield of protection (worn)
 U - a +2 robe of willpower
Jewellery
 e - a ring of see invisible
 g - a ring of wizardry (left claw)
 n - an amulet of regeneration (around neck)
 x - a +4 ring of evasion (right claw)
 N - a ring of ice
 O - a ring of fire
Wands
 v - a wand of roots (28)
 C - a wand of flame (50)
 E - a wand of quicksilver (15)
 H - a wand of charming (17)
 J - a wand of polymorph (19)
Scrolls
 a - 11 scrolls of identify
 i - 4 scrolls of immolation
 j - 4 scrolls of poison
 k - 7 scrolls of teleportation
 D - 3 scrolls of noise
 F - 2 scrolls of fog
 G - 2 scrolls of amnesia
 L - a scroll of blinking
Potions
 d - 2 potions of magic
 h - 8 potions of flight
 l - 3 potions of degeneration
 m - 4 potions of curing
 p - a potion of invisibility
 r - 3 potions of lignification
 s - 2 potions of resistance
 t - 3 potions of brilliance
 u - a potion of haste
 w - 2 potions of attraction
 z - 2 potions of might
 K - 2 potions of heal wounds
 R - a potion of ambrosia {unknown}
 T - a potion of berserk rage
Miscellaneous
 y - a piece from Xom's chessboard (15/15)


   Skills:
 * Level 8.2 Fighting
 + Level 2.4 Armour
 + Level 3.0 Dodging
 - Level 1.0 Stealth
 + Level 2.7 Shields
 * Level 13.1 Unarmed Combat
 + Level 6.3 Spellcasting
 + Level 7.2 Conjurations
 - Level 0.6 Summonings
 - Level 0.6 Translocations


You had 16 spell levels left.
You knew the following spells:

 Your Spells              Type           Power      Damage    Failure   Level
a - Magic Dart            Conj           96%        1d7       1%          1
b - Conjure Flame         Conj/Fire      14%        6-21      12%         3
c - Mephitic Cloud        Conj/Pois/Air  11%        N/A       19%         3

Your spell library contained the following spells:

 Spells                   Type           Power      Damage    Failure   Level
 Shock                    Conj/Air       56%        1d6       4%          1
 Beastly Appendage        Tmut           8%         N/A       16%         1
 Slow                     Hex            16%        N/A       16%         1
 Sting                    Tmut/Pois      16%        1d3       16%         1
 Blink                    Tloc           12%        N/A       21%         2
 Poisonous Vapours        Pois/Air       8%         N/A       26%         2
 Wereblood                Tmut           4%         N/A       26%         2
 Confusing Touch          Hex            4%         N/A       43%         3
 Frozen Ramparts          Ice            8%         1d2       43%         3
 Ignite Poison            Fire/Tmut/Pois 4%         N/A       43%         3
 Ozocubu's Armour         Ice            4%         N/A       43%         3
 Spider Form              Tmut/Pois      4%         N/A       43%         3
 Swiftness                Air            4%         N/A       43%         3
 Vampiric Draining        Necr           4%         2d6       43%         3
 Airstrike                Air            2%         2d(1-17)  82%         4
 Ice Form                 Ice/Tmut       4%         N/A       82%         4
 Leda's Liquefaction      Hex/Erth       2%         N/A       82%         4
 Olgreb's Toxic Radiance  Pois           4%         N/A       82%         4
 Freezing Cloud           Conj/Ice/Air   5%         6-21      85%         5
 Manifold Assault         Tloc           6%         N/A       97%         5
 Lee's Rapid Deconstruct  Erth           2%         3d5*      98%         5
 Statue Form              Tmut/Erth      2%         N/A       100%        6
 Ozocubu's Refrigeration  Ice            2%         4d7       100%        7
 Storm Form               Tmut/Air       2%         N/A       100%        7
 Call Imp                 Summ           Unusable   N/A       N/A         2
 Summon Ice Beast         Ice/Summ       Unusable   N/A       N/A         4
 Summon Mana Viper        Hex/Summ       Unusable   N/A       N/A         5
 Monstrous Menagerie      Summ           Unusable   N/A       N/A         7

Dungeon Overview and Level Annotations

Branches:
Dungeon (13/15)            Temple (1/1) D:5            Lair (0/5) D:9
    Orc (1/2) D:12        Ossuary (visited)          Bailey (visited)
 Vaults: D:13-14

Altars:
Ashenzari
Cheibriados
Dithmenos
Elyvilon
Fedhas
Gozag
Hepliaklqana
Kikubaaqudgha
Makhleb
Nemelex Xobeh
Okawaru
Qazlal
Ru
Sif Muna
Trog
Uskayaw
Vehumet
Wu Jian
Xom
Yredelemnul
Zin
The Shining One

Shops:
D:6 ([   Orc:1 !


Innate Abilities, Weirdness & Mutations

You are too large for most types of armour.
You have claws for hands.
Your natural rate of healing is unusually fast.
You are covered in fur. (AC +1)
You have tough skin. (AC +1)
You have a pair of small horns on your head.


Message History

The orc warrior is severely wounded.
The orc warrior hits you with a +0 glaive!
* * * LOW HITPOINT WARNING * * *
You scratch the orc warrior but do no damage.
The orc warrior is severely wounded.
You block the troll's attack. The troll claws you but does no damage.
The troll claws you!
* * * LOW HITPOINT WARNING * * *
The orc warrior misses you.
Unknown command.
Casting: Mephitic Cloud (dangerous; 19% risk of failure)
Confirm with . or Enter, or press ? or * to list all spells.
Aiming: Mephitic Cloud (dangerous; 19% risk of failure)
Press: ? - help, Shift-Dir - straight line, p - orc knight That beam is likely to hit you.
Continue anyway?
You miscast Mephitic Cloud.
Nothing appears to happen.
The orc knight asks, "Where am I?"
You block the troll's attack. The troll claws you but does no damage.
The troll barely misses you.
The orc warrior hits you with a +0 glaive!
* * * LOW HITPOINT WARNING * * *
Unknown command.
Casting: Mephitic Cloud (dangerous; 19% risk of failure)
Confirm with . or Enter, or press ? or * to list all spells.
Aiming: Mephitic Cloud (dangerous; 19% risk of failure)
Press: ? - help, Shift-Dir - straight line That beam is likely to hit you.
Continue anyway?
The ball explodes into a vile cloud!
The stinking cloud engulfs the troll but does no damage.
The stinking cloud engulfs you but does no damage.
The stinking cloud engulfs the orc warrior but does no damage.
The orc warrior is severely wounded.
The orc knight looks very confused.
The troll is engulfed in noxious fumes.
You block the troll's attack. The troll claws you.
* * * LOW HITPOINT WARNING * * *
You block the troll's attack.
The orc warrior is engulfed in noxious fumes.
The orc warrior hits you with a +0 glaive!
You die...

########################
##.#.......#...##.#...#.##
#...............o§.......#
#...............@☼.......###
)..............)To☼........###
)............................####
)...............)..............#.
......#.#.......)................
......._........).....#.#........
...).............................
..............$.........#...#.#.#
...........................#.....


You could see an orc knight (confused), a troll and an orc warrior.

Vanquished Creatures
  A boulder beetle (D:12)
  3 two-headed ogres
  2 centaur warriors
  Sonja (D:13)
  A sun demon (D:13)
  Lodul (D:13)
  A manticore (D:11)
  2 cyclopes (D:13)
  An ugly thing (D:12)
  A black mamba (shapeshifter) (D:11)
  2 rust devils (D:13)
  4 gargoyles
  2 orange demons (D:13)
  An unseen horror (D:12)
  A komodo dragon (D:12)
  2 ice devils (D:13)
  A red devil (D:13)
  2 trolls
  3 shadows
  A wyvern (D:9)
  2 wraiths
  17 yaks
  A basilisk (D:9)
  2 chaos spawn (D:13)
  A human (D:10)
  A neqoxec (D:13)
  A steam dragon (D:9)
  Edmund (D:4)
  2 water moccasins
  15 orc warriors
  A sky beast (D:7)
  An ice beast (D:7)
  4 black bears
  15 ogres
  7 centaurs
  4 phantoms
  2 necrophages
  5 scorpions
  3 bullfrogs
  2 water moccasin zombies (Ossuary)
  30 wights
  2 troll zombies (D:12)
  4 killer bees (D:5)
  3 howler monkeys
  A jelly (D:8)
  9 orc priests
  7 hounds
  6 iguanas
  Ijyb (D:3)
  Terence (D:3)
  8 orc wizards
  4 ogre zombies (D:12)
  2 mummies (Ossuary)
  9 gnolls
  4 adders
  An ufetubus (D:5)
  4 adder zombies (Ossuary)
  3 dart slugs (D:2)
  A worm (D:2)
  42 orcs
  8 ball pythons
  4 bats
  8 endoplasms
  3 giant cockroaches
  5 gnoll zombies (Ossuary)
  10 hobgoblins
  2 jackals (D:2)
  2 quokkas
  4 frilled lizards
  11 goblins
  3 goblin skeletons (D:12)
  8 hobgoblin zombies
  20 kobolds
  A kobold skeleton (D:10)
  3 kobold zombies (Ossuary)
  An orc skeleton (D:12)
  20 orc zombies
  5 rats
  2 rat zombies (D:4)
382 creatures vanquished.

Vanquished Creatures (others)
  An orc sorcerer (Orc:1)
  2 plants (D:9)
  A withered plant (D:1)
4 creatures vanquished.

Grand Total: 386 creatures vanquished

Notes
Turn   | Place    | Note
-------+----------+-------------------------------------------
     0 | D:1      | BreadTh the Troll Hedge Wizard began the quest for the Orb.
     0 | D:1      | Reached XP level 1. HP: 16/16 MP: 2/2
   164 | D:1      | Reached skill level 1 in Unarmed Combat
   164 | D:1      | Reached XP level 2. HP: 26/26 MP: 4/4
   271 | D:1      | Reached skill level 1 in Conjurations
   419 | D:1      | Found a faded altar of an unknown god.
   569 | D:1      | Reached XP level 3. HP: 32/32 MP: 5/5
   579 | D:1      | Learned a level 3 spell: Conjure Flame
   992 | D:2      | Identified the +4 whip "Bionn" {protect, Fragile rElec
                  | Dex+4}
  1078 | D:2      | Found a sacrificial altar of Ru.
  1163 | D:2      | Reached skill level 1 in Fighting
  1163 | D:2      | Reached skill level 2 in Unarmed Combat
  1563 | D:2      | Reached XP level 4. HP: 41/41 MP: 6/6
  1934 | D:3      | Learned a level 3 spell: Mephitic Cloud
  1978 | D:3      | Found a bloodstained altar of Trog.
  2009 | D:3      | Found a white marble altar of Elyvilon.
  2138 | D:3      | Noticed Terence
  2152 | D:3      | Killed Terence
  2153 | D:3      | Reached XP level 5. HP: 37/48 MP: 1/7
  2459 | D:3      | Noticed Ijyb
  2470 | D:3      | Killed Ijyb
  2471 | D:3      | Reached skill level 3 in Unarmed Combat
  2665 | D:4      | Found a sand-covered staircase.
  2689 | Ossuary  | Entered an ossuary
  2793 | Ossuary  | Reached XP level 6. HP: 53/57 MP: 8/8
  2873 | Ossuary  | Reached skill level 4 in Unarmed Combat
  3172 | D:4      | Reached XP level 7. HP: 29/66 MP: 10/10
  3554 | D:4      | Noticed Edmund
  3563 | D:4      | Killed Edmund
  3564 | D:4      | Reached skill level 5 in Unarmed Combat
  3826 | D:5      | Entered Level 5 of the Dungeon
  3872 | D:5      | Found a staircase to the Ecumenical Temple.
  3888 | Temple   | Entered the Ecumenical Temple
  3941 | D:5      | Reached XP level 8. HP: 74/75 MP: 9/11
  4057 | D:5      | Reached skill level 6 in Unarmed Combat
  4544 | D:5      | You fall into a shaft and drop 1 floor!
  4717 | D:6      | Found Sedun's Armour Shop.
  4737 | D:5      | Reached skill level 7 in Unarmed Combat
  5249 | D:6      | Found Custim's Antique Weapon Shop.
  5431 | D:6      | Reached XP level 9. HP: 75/83 MP: 13/13
  5631 | D:6      | Found a sacrificial altar of Ru.
  5686 | D:6      | Identified the +2 robe "Piroinir" {-Tele +Inv rPois Stlth+}
  6067 | D:7      | Reached skill level 8 in Unarmed Combat
  6126 | D:7      | Found a stormy altar of Qazlal.
  6228 | D:7      | Reached skill level 5 in Fighting
  6358 | D:7      | Reached skill level 9 in Unarmed Combat
  6434 | D:7      | Found an iron altar of Okawaru.
  6470 | D:7      | Found the +8 trident of the Octopus King {venom, rElec
                  | rPois}
  6623 | D:7      | Found a hide-covered altar of Uskayaw.
  6632 | D:7      | Found a glowing golden altar of the Shining One.
  6705 | D:7      | Became a worshipper of Warmaster Okawaru
  6798 | D:8      | Found a flagged portal.
  6813 | D:8      | Reached XP level 10. HP: 74/84 MP: 13/15
  6838 | Bailey   | Entered a bailey
  6998 | Bailey   | Reached skill level 5 in Conjurations
  7236 | D:8      | Found a snail-covered altar of Cheibriados.
  7771 | D:8      | Reached * piety under Okawaru
  8191 | D:9      | Found a staircase to the Lair.
  8327 | D:9      | Reached skill level 10 in Unarmed Combat
  8340 | D:9      | Reached skill level 5 in Spellcasting
  8562 | D:9      | Reached ** piety under Okawaru
  8762 | D:9      | Identified a scroll of acquirement
  8762 | D:9      | Acquired a +2 cloak of willpower
  8816 | D:10     | Entered Level 10 of the Dungeon
  8853 | D:10     | Found a runed translucent door.
  8859 | D:10     | Found a basalt altar of Yredelemnul.
  8971 | D:10     | Noticed a centaur warrior
  8983 | D:10     | Killed a centaur warrior
  9053 | D:10     | Found an opulent altar of Gozag.
  9427 | D:10     | Reached XP level 11. HP: 99/105 MP: 17/17
  9465 | D:10     | Reached *** piety under Okawaru
  9937 | D:11     | Reached skill level 11 in Unarmed Combat
 10226 | D:11     | Noticed a two-headed ogre
 10231 | D:11     | Killed a two-headed ogre
 10231 | D:11     | Reached **** piety under Okawaru
 10485 | D:12     | Received a gift from Okawaru
 10501 | D:12     | Identified the +3 ring mail "Afomy" {Int+2}
 10517 | D:12     | Noticed a two-headed ogre
 10609 | D:12     | Noticed a brown ugly thing
 10618 | D:12     | Killed a brown ugly thing
 10618 | D:12     | Reached ***** piety under Okawaru
 10683 | D:12     | Killed a two-headed ogre
 10684 | D:12     | Reached skill level 12 in Unarmed Combat
 10741 | D:12     | Found an opulent altar of Gozag.
 11092 | D:12     | Received a gift from Okawaru
 11174 | D:12     | Found a staircase to the Orcish Mines.
 11271 | D:12     | Noticed a boulder beetle
 11290 | D:12     | Killed a boulder beetle
 11291 | D:12     | Reached XP level 12. HP: 118/118 MP: 18/20
 11575 | D:13     | Noticed Sonja
 11592 | D:13     | Killed Sonja
 11659 | D:13     | Reached skill level 1 in Shields
 11683 | D:13     | Reached skill level 1 in Armour
 11688 | D:13     | Noticed a centaur warrior
 11696 | D:13     | Killed a centaur warrior
 11696 | D:13     | Noticed Lodul
 11736 | D:13     | Killed Lodul
 11774 | D:13     | Gained mutation: You have a pair of small horns on your
                  | head. [a neqoxec]
 11875 | D:13     | Noticed a two-headed ogre
 11898 | D:13     | Killed a two-headed ogre
 12071 | Orc:1    | Entered Level 1 of the Orcish Mines
 12081 | Orc:1    | Found Heopaeb's Distillery.
 12089 | Orc:1    | Bought a potion of curing for 39 gold pieces
 12089 | Orc:1    | Bought a potion of berserk rage for 65 gold pieces
 12227 | Orc:1    | Reached skill level 13 in Unarmed Combat
 12482 | Orc:1    | Slain by an orc warrior

Illustrated notes

Levels and vault maps discovered:
D:1:      lightli_arrival_statuegarden, layout_loops_cross,
          ebering_ecumenical_altar_petrified, minmay_cut_off
D:2:      layout_loops_corners, basic_altar
D:3:      layout_basic, mainiacjoe_overflow_two_lobes, uniq_ijyb, uniq_terence
D:4:      layout_gridville, enter_ossuary_4, uniq_edmund
D:5:      layout_basic, minmay_temple_entry_purple_smoke
D:6:      layout_cave_pods, lemuel_round_altar, serial_shops,
          nicolae_shop_waterfront, nicolae_stop_n_shop_1
D:7:      layout_rooms, mainiacjoe_overflow_swirl,
          mainiacjoe_overflow_catch_the_wave
D:8:      layout_basic, amcnicky_altar_gilded, enter_bailey_6, serial_curves,
          eino_curves_01, eino_curves_02
D:9:      layout_gridville, david_lair_generic
D:10:     layout_stronghold, dk_yredelemnul_ordeal, mainiacjoe_overflow_catwalk
D:11:     layout_irregular_city, serial_column_ruins, column_ruins_hut,
          column_ruins_columns_plus, column_ruins_corridor_plus,
          column_ruins_grid_1, column_ruins_open_large
D:12:     layout_irregular_city, zombieorc1_lemuel, grunt_gozag_breadcrumbs
D:13:     layout_long_grid, serial_demonic, serial_demonic_c, serial_demonic_b,
          serial_demonic_b, serial_demonic_d, serial_demonic_d,
          serial_demonic_d, uniq_sonja, uniq_lodul
Temple:   hellmonk_temple_two_chambers
Orc:1:    layout_caves, serial_shops, nicolae_shop_trees,
          nicolae_orc_flooded_monolith, hangedman_feature_mirror

Skill      XL: |  1  2  3  4  5  6  7  8  9 10 11 12 |
---------------+-------------------------------------+-----
Unarmed Combat | 1 2 3 4 5 7 9 10 12 13 | 13.1
Conjurations   | 1 2 3 4 5 6 7 |  7.2
Fighting       | 1 2 3 4 5 6 7 8 |  8.2
Spellcasting   | 3 4 5 6 |  6.3
Dodging        | 3 |  3.0
Shields        | 2 |  2.7
Armour         | 2 |  2.4
Stealth        | |  1.0
Summonings     | |  0.6
Translocations | |  0.6

Action                   |  1- 3 |  4- 6 |  7- 9 | 10-12 || total
-------------------------+-------+-------+-------+-------++-------
Melee: Unarmed           |   139 |   196 |   353 |   649 ||  1337
       Punch             |     2 |     3 |     9 |    29 ||    43
       Headbutt          |       |       |       |    38 ||    38
 Cast: Magic Dart        |     3 |     3 |    10 |    25 ||    41
       Mephitic Cloud    |       |     1 |       |    19 ||    20
       Conjure Flame     |       |       |       |     2 ||     2
Invok: Heroism           |       |       |       |     2 ||     2
Evoke: Piece from Xom's  |       |       |       |     1 ||     1
  Use: Scroll            |       |     8 |     3 |    17 ||    28
       Potion            |       |       |     1 |     3 ||     4
 Stab: Sleeping          |     1 |       |     2 |     2 ||     5
       Confused          |       |     1 |       |     7 ||     8
       Petrified         |       |       |       |     5 ||     5
Armor: Robe              |    53 |    35 |    55 |    32 ||   175
       Troll leather arm |       |       |       |   130 ||   130
Dodge: Dodged            |    44 |    66 |   209 |   317 ||   636
Block: Kite shield       |       |       |       |   102 ||   102
